 Dungeon Crawl Stone Soup version 0.17-a0-1769-g54adf96 (webtiles) character file.

87 shakdrar the Ducker (level 4, -1/29 HPs)
             Began as a Deep Elf Fire Elementalist on Sept 7, 2015.
             Slain by a gnoll
             ... wielding a +0 halberd
              (5 damage)
             ... on level 2 of the Dungeon.
             The game lasted 00:04:53 (1205 turns).

shakdrar the Ducker (Deep Elf Fire Elementalist)    Turns: 1205, Time: 00:04:54

Health: -1/29      AC:  2    Str:  6    XL:     4   Next: 28%
Magic:  3/11       EV:  8    Int: 20    God:
Gold:   143        SH:  0    Dex: 15    Spells: 3 memorised, 4 levels left

rFire  . . .     SeeInvis .     (no weapon)
rCold  . . .     Clarity  .     a - +0 robe
rNeg   . . .     SustAt   .     (no shield)
rPois  .         Gourm    .     (no helmet)
rElec  .         Spirit   .     (no cloak)
rCorr  +         Warding  .     (no gloves)
rMut   .         Stasis   .     (no boots)
MR     .....                    e - amulet of resist corrosion
Stlth  ++........               (no ring)
                                (no ring)

@: very slightly contaminated, held, not resistant to hostile enchantments,
unstealthy
A: no striking features
a: no special abilities


You were on level 2 of the Dungeon.
You were not hungry.

You visited 1 branch of the dungeon, and saw 2 of its levels.

You collected 143 gold pieces.

Inventory:

Missiles
 g - 35 poisoned needles
Armour
 a - a +0 robe (worn)
Jewellery
 e - an amulet of resist corrosion (around neck)
Scrolls
 d - 3 scrolls of remove curse
Books
 b - a book of Flames

   Spells                             Type                      Level
   a - Flame Tongue                   Conjuration/Fire             1
   b - Throw Flame                    Conjuration/Fire             2
   c - Conjure Flame                  Conjuration/Fire             3
   d - Inner Flame                    Hexes/Fire                   3
   e - Sticky Flame                   Conjuration/Fire             4
   f - Fireball                       Conjuration/Fire             5
Comestibles
 c - a bread ration
 f - a slice of pizza
 h - a meat ration


   Skills:
 - Level 4.1 Fighting
   Level 5.0 Short Blades
 - Level 6.6 Dodging
 - Level 2.4 Stealth
 + Level 3.5 Spellcasting
 + Level 2.1 Conjurations
 * Level 3.9 Fire Magic


You had 4 spell levels left.
You knew the following spells:

 Your Spells              Type           Power        Failure   Level  Hunger
a - Flame Tongue          Conj/Fire      ###..        4%          1    None
b - Throw Flame           Conj/Fire      ###...       10%         2    ##.....
c - Conjure Flame         Conj/Fire      ###.....     14%         3    ###....


Dungeon Overview and Level Annotations

Branches:
Dungeon (2/15)

Altars:


Message History

You are very lightly contaminated with residual magic.
Nothing appears to happen.
Casting: Flame Tongue
Confirm with . or Enter, or press ? or * to list all spells.
Aiming: Flame Tongue
Press: ? - help, Shift-Dir - straight line, f/p - gnoll
Aim: a gnoll, wielding a halberd The flame tongue hits the gnoll.
The gnoll is heavily wounded.
The gnoll hits you from afar with a halberd!
* * * LOW HITPOINT WARNING * * *
Casting: Flame Tongue
Confirm with . or Enter, or press ? or * to list all spells.
Aiming: Flame Tongue
Press: ? - help, Shift-Dir - straight line, f/p - gnoll
Aim: a gnoll, wielding a halberd (heavily wounded)
The flame tongue misses the gnoll.
The flame tongue hits the gnoll.
The gnoll is moderately wounded.
The gnoll hits you from afar with a halberd.
You die...

#.. #.# # #.#.#
#.###### #.#.#
#.#..... #.#.#
#.#.####
#.#)#######.#.# #
#g#.#.........# #
#g#.#.#####...# #
#.#.#.#####...# #
#@#.#.#.......# #
####.#.#.#.#.###..##
# ............#.#
#..#
#####.#<....#.###..#
#............).#
##############.# .#
.#


You could see 2 gnolls.

Vanquished Creatures
  2 adders (D:2)
  A gnoll (D:2)
  A giant gecko (D:1)
  A giant cockroach (D:2)
  5 goblins
  2 hobgoblins
  A kobold (D:2)
  2 quokkas (D:2)
  A ball python (D:2)
  3 bats
  2 giant newts
  3 rats
24 creatures vanquished.

Notes
Turn   | Place    | Note
--------------------------------------------------------------
     0 | D:1      | shakdrar the Deep Elf Fire Elementalist began the quest for the Orb.
     0 | D:1      | Reached XP level 1. HP: 10/10 MP: 6/6
   603 | D:2      | Reached XP level 2. HP: 15/15 MP: 6/8
   607 | D:2      | Learned a level 2 spell: Throw Flame
   758 | D:2      | Reached skill level 4 in Fighting
   758 | D:2      | Reached skill level 5 in Short Blades
   758 | D:2      | Reached skill level 6 in Dodging
   758 | D:2      | Reached XP level 3. HP: 18/24 MP: 10/10
  1119 | D:2      | Reached XP level 4. HP: 29/29 MP: 6/11
  1173 | D:2      | Learned a level 3 spell: Conjure Flame
  1205 | D:2      | Slain by a gnoll

Vault maps used:
D:1:      dpeg_arrival_rooms_b
D:2:      st_stairs_8, minmay_liquid_box

Action                   |  1- 3 |  4- 6 || total
-------------------------+-------+-------++-------
 Cast: Flame Tongue      |    29 |    10 ||    39
       Throw Flame       |     4 |     1 ||     5
  Use: Scroll            |     4 |       ||     4
       Potion            |     2 |       ||     2
  Eat: Chunk             |       |     1 ||     1
